 Dungeon Crawl Stone Soup version 0.19.1 (webtiles) character file.

1110 balthal1 the Sneak (level 8, -2/39 HPs)
             Began as a Vine Stalker Enchanter on Dec 16, 2016.
             Was a Believer of Dithmenos.
             Shot with a stone by a human (4 damage)
             ... on level 6 of the Dungeon.
             The game lasted 00:21:41 (4813 turns).

balthal1 the Sneak (Vine Stalker Enchanter)         Turns: 4813, Time: 00:21:41

Health: -2/39      AC:  5    Str: 18    XL:     8   Next: 33%
Magic:  0/15       EV: 13    Int: 15    God:    Dithmenos [**....]
Gold:   262        SH:  0    Dex: 15    Spells: 5 memorised, 4 levels left

rFire  + . .     SeeInvis .     a - +2 dagger (freeze)
rCold  . . .     Gourm    .     b - +1 robe
rNeg   . . .     Faith    .     (no shield)
rPois  .         Spirit   +     o - +1 helmet
rElec  .         Reflect  .     (no cloak)
rCorr  .         Harm     .     (no gloves)
MR     +....                    (no boots)
Stlth  +++++.....               (no amulet)
                                u - ring of protection from fire
                                n - ring of stealth

@: mighty, very slightly contaminated, wreathed by umbra
A: fangs 3, regeneration 1, magic shield, antimagic bite, no device heal 3, rot
immunity
a: Shadow Step, Renounce Religion


You were on level 6 of the Dungeon.
You worshipped Dithmenos.
Dithmenos was pleased with you.
You were not hungry.

You visited 1 branch of the dungeon, and saw 6 of its levels.
You also visited: Ossuary.

You collected 262 gold pieces.

Inventory:

Hand Weapons
 a - a +2 dagger of freezing (weapon)
 f - a cursed -3 trident
 g - a +3 antimagic hand axe
 h - a +0 hunting sling
 j - a +3 dagger
Missiles
 m - 4 curare-tipped needles
 p - 6 javelins (quivered)
 w - 33 stones
 y - 23 sling bullets
 E - 13 poisoned needles
Armour
 b - a +1 robe (worn)
 o - a +1 helmet (worn)
Jewellery
 n - a ring of stealth (left hand)
 u - a ring of protection from fire (right hand)
Wands
 i - a wand of iceblast (8/15)
 t - a wand of disintegration (0/24)
Scrolls
 e - 7 scrolls of identify
 r - 2 scrolls of random uselessness
 A - 2 scrolls of remove curse
 B - a scroll of acquirement
 D - 2 scrolls of amnesia
Potions
 k - a potion of flight
 l - 2 potions of resistance
 x - a potion of mutation {unknown}
 z - 2 potions of curing {unknown}
 C - a potion of might
Books
 c - a book of Maledictions

   Spells                             Type                      Level
   a - Corona                         Hexes                        1
   b - Ensorcelled Hibernation        Hexes/Ice                    2
   c - Confuse                        Hexes                        3
   d - Tukima's Dance                 Hexes                        3
   e - Dazzling Spray                 Conjuration/Hexes            3
 q - a book of Misfortune

   Spells                             Type                      Level
   a - Confusing Touch                Hexes                        1
   b - Confuse                        Hexes                        3
   c - Gell's Gravitas                Hexes/Translocation          3
   d - Petrify                        Transmutation/Earth          4
   e - Metabolic Englaciation         Hexes/Ice                    5
   f - Yara's Violent Unravelling     Hexes/Transmutation          5
 s - a book of Minor Magic

   Spells                             Type                      Level
   a - Magic Dart                     Conjuration                  1
   b - Blink                          Translocation                2
   c - Call Imp                       Summoning                    2
   d - Repel Missiles                 Charms/Air                   2
   e - Slow                           Hexes                        2
   f - Conjure Flame                  Conjuration/Fire             3
   g - Mephitic Cloud                 Conjuration/Poison/Air       3
Comestibles
 d - 4 bread rations


   Skills:
 + Level 2.0 Fighting
 + Level 3.7 Short Blades
 + Level 1.3 Axes
 + Level 2.5 Dodging
 + Level 6.5 Stealth
 + Level 4.4 Spellcasting
 + Level 4.9 Hexes
 + Level 1.1 Summonings
 + Level 1.7 Ice Magic
 + Level 1.2 Evocations


You had 4 spell levels left.
You knew the following spells:

 Your Spells              Type           Power        Failure   Level  Hunger
a - Corona                Hex            ###....      1%          1    None
b - Ensorcelled Hibernat  Hex/Ice        ##....       10%         2    ##.....
c - Tukima's Dance        Hex            ###.....     10%         3    ###....
d - Dazzling Spray        Conj/Hex       ##....       21%         3    ###....
e - Call Imp              Summ           #.......     17%         2    ##.....


Dungeon Overview and Level Annotations

Branches:
Dungeon (6/15)
 Temple: D:4-7

Altars:
Dithmenos
Fedhas
Makhleb
Nemelex Xobeh
Qazlal
Trog
Vehumet
Yredelemnul
Zin
The Shining One

Annotations:
D:3 Philosophy's ghost, amateur FoFi


Innate Abilities, Weirdness & Mutations

You have razor-sharp teeth.
Your natural rate of healing is unusually fast.
When hurt, damage is shared between your health and your magic reserves.
Your bite disrupts and absorbs the magic of your enemies.
Potions and wands cannot restore your health.
You are immune to rotting.


Message History

The human is severely wounded.
The human throws a stone.
The stone barely misses you. The human hits you!
You completely miss the human.
The human is severely wounded.
The ogre hits you with a giant spiked club!!
* * * LOW HITPOINT WARNING * * *
The human throws a stone.
The stone completely misses you.
Okay, then.
Blink to where?
Press: ? - help, Dir - move target cursor, p - human
As you read the scroll of blinking, it crumbles to dust.
The human wields an uncursed hunting sling.
The human shoots a stone.
The stone closely misses you.
The human throws a stone.
The stone hits you but does no damage.
The human shoots a stone.
The stone hits you.
* * * LOW HITPOINT WARNING * * *
There is an escape hatch in the ceiling here.
You see here a stone.
The human shoots a stone.
The stone hits you.
You die...

#.......+ #......#.
#########.......### #.######.
#......###'#......####'##...#.
#....#...#......†.....#...+. ..
#....'...#......#†....'...#.
..#+##....#..##......#######'###.
..p.......#..#...................
##..>.....#..#...................
#........#..+..@......>.........
#........#..#...................
#.....(..####...................
#######(p....((.#####+###+##....#
......O().......# #....#
......#(.p......# #....#
......#)........# #....+
......#.........+ #....#
......#.........# #....#


You could see a human.

Vanquished Creatures
  A human (D:6)
  Duvessa (D:5)
  An ogre (D:4)
  A centaur (D:5)
  Dowan (D:5)
  3 human zombies (Ossuary)
  An orc priest (D:5)
  An orc wizard (D:3)
  Jessica (D:3)
  Ijyb (D:2)
  A worker ant (D:4)
  2 big kobold zombies (Ossuary)
  4 mummies (Ossuary)
  A worker ant zombie (D:5)
  2 gnolls
  4 adders
  A shadow imp (D:5)
  2 worms
  2 dart slugs
  4 leopard geckos
  10 orcs
  8 bats
  2 giant cockroaches
  10 goblins
  12 hobgoblins
  2 quokkas
  2 ball pythons (D:5)
  3 frilled lizards
  5 kobolds
  A leopard gecko skeleton (D:4)
  2 orc zombies (Ossuary)
  9 rats
101 creatures vanquished.

Vanquished Creatures (collateral kills)
  A human (D:6)
  A necrophage (D:6)
  2 howler monkeys (D:6)
  A gnoll (D:3)
  An adder (D:4)
  An orc zombie (Ossuary)
7 creatures vanquished.

Vanquished Creatures (others)
  3 dancing weapons
  5 toadstools (D:1)
8 creatures vanquished.

Grand Total: 116 creatures vanquished

Notes
Turn   | Place    | Note
-------+----------+-------------------------------------------
     0 | D:1      | balthal1 the Vine Stalker Enchanter began the quest for the Orb.
     0 | D:1      | Reached XP level 1. HP: 9/9 MP: 4/4
   375 | D:1      | Reached XP level 2. HP: 10/13 MP: 6/6
   379 | D:1      | Learned a level 2 spell: Ensorcelled Hibernation
   640 | D:1      | Reached skill level 4 in Stealth
  1063 | D:2      | Reached XP level 3. HP: 15/17 MP: 2/7
  1145 | D:2      | Reached skill level 1 in Short Blades
  1573 | D:2      | Noticed Ijyb
  1595 | D:2      | Killed Ijyb
  1595 | D:2      | Reached skill level 1 in Fighting
  1595 | D:2      | Gained mutation: Your natural rate of healing is unusually fast. [Vine Stalker growth]
  1595 | D:2      | Reached XP level 4. HP: 18/22 MP: 3/8
  2021 | D:2      | Learned a level 3 spell: Tukima's Dance
  2110 | D:3      | Found a shadowy altar of Dithmenos.
  2135 | D:3      | Found a burning altar of Makhleb.
  2136 | D:3      | Found a radiant altar of Vehumet.
  2254 | D:3      | Became a worshipper of Dithmenos the Shadowed
  2286 | D:3      | Reached XP level 5. HP: 25/25 MP: 0/10
  2288 | D:3      | Reached skill level 5 in Stealth
  2288 | D:3      | Reached skill level 1 in Ice Magic
  2446 | D:3      | Noticed Jessica
  2458 | D:3      | Killed Jessica
  2559 | D:3      | Found a basalt altar of Yredelemnul.
  2561 | D:3      | Found a glowing golden altar of the Shining One.
  2564 | D:3      | Found a glowing silver altar of Zin.
  2564 | D:3      | Found a blossoming altar of Fedhas.
  2564 | D:3      | Found a sparkling altar of Nemelex Xobeh.
  2567 | D:3      | Found a stormy altar of Qazlal.
  2585 | D:3      | Noticed Philosophy's ghost (amateur FoFi)
  2773 | D:3      | Reached skill level 1 in Axes
  3165 | D:4      | Reached * piety under Dithmenos
  3208 | D:4      | Learned a level 3 spell: Dazzling Spray
  3226 | D:4      | Noticed an ogre
  3238 | D:4      | Reached XP level 6. HP: 24/30 MP: 2/12
  3543 | D:4      | Found a sand-covered staircase.
  3548 | Ossuary  | Entered an ossuary
  3742 | Ossuary  | Reached XP level 7. HP: 31/33 MP: 13/13
  3994 | D:5      | Entered Level 5 of the Dungeon
  4002 | D:5      | Learned a level 2 spell: Call Imp
  4081 | D:5      | Found a bloodstained altar of Trog.
  4340 | D:5      | Noticed Duvessa
  4343 | D:5      | Noticed Dowan
  4360 | D:5      | Killed Duvessa
  4367 | D:5      | Killed Dowan
  4448 | D:5      | Identified 2 scrolls of acquirement
  4482 | D:5      | Reached skill level 6 in Stealth
  4482 | D:5      | Reached skill level 1 in Evocations
  4488 | D:5      | Reached ** piety under Dithmenos
  4736 | D:6      | Gained mutation: You have razor-sharp teeth. [Vine Stalker growth]
  4736 | D:6      | Reached XP level 8. HP: 39/39 MP: 7/14
  4796 | D:6      | Reached skill level 1 in Summonings
  4808 | D:6      | HP: 1/39 [ogre/giant spiked club (17)]
  4813 | D:6      | Shot with a stone by a human

Skill      XL: |  1  2  3  4  5  6  7  8 |
---------------+-------------------------+-----
Stealth        | 4 5 6 |  6.5
Short Blades   | 1 2 3 |  3.7
Fighting       | 1 2 |  2.0
Ice Magic      | 1 |  1.7
Spellcasting   | 3 4 |  4.4
Axes           | 1 |  1.3
Dodging        | 2 |  2.5
Hexes          | 4 |  4.9
Evocations     | 1 |  1.2
Summonings     | 1 |  1.1

Action                   |  1- 3 |  4- 6 |  7- 9 || total
-------------------------+-------+-------+-------++-------
Melee: Dagger            |    79 |   168 |    47 ||   294
       Bite              |    13 |    45 |    19 ||    77
       Hand axe          |     7 |    16 |    13 ||    36
 Cast: Corona            |     1 |     1 |       ||     2
       Ensorcelled Hiber |    11 |    21 |     3 ||    35
       Tukima's Dance    |       |    11 |     6 ||    17
       Call Imp          |       |       |     5 ||     5
Evoke: Wand              |       |     8 |     5 ||    13
  Use: Scroll            |     5 |    12 |     6 ||    23
       Potion            |     3 |     4 |     3 ||    10
 Stab: Sleeping          |    12 |    17 |     3 ||    32
       Distracted        |       |       |     1 ||     1
  Eat: Meat ration       |     1 |     2 |       ||     3
       Fruit             |       |       |     3 ||     3
Armor: Robe              |    19 |    36 |    10 ||    65
Dodge: Dodged            |    46 |    91 |    33 ||   170
